 Dungeon Crawl Stone Soup version 0.29-a0-529-gfa20dd96a1 (webtiles) character file.

Game seed: 9032060497859336851

67 pascalblue the Caller (level 4, -2/24 HPs)
             Began as a Deep Elf Summoner on June 1, 2022.
             Shot with a sling bullet by a goblin (5 damage)
             ... led by Robin
             ... on level 3 of the Dungeon.
             The game lasted 00:09:14 (2273 turns).

pascalblue the Caller (Deep Elf Summoner)           Turns: 2273, Time: 00:09:15

Health: -2/24      AC:  3    Str:  5    XL:     4   Next: 0%
Magic:  3/11       EV: 13    Int: 22    God:
Gold:   104        SH:  0    Dex: 15    Spells: 3/10 levels left

rFire   . . .      SeeInvis .   g - +2 short sword
rCold   . . .      Faith    .   (no shield)
rNeg    . . .      Spirit   .   a - +0 robe
rPois   .          Reflect  .   (no helmet)
rElec   .          Harm     .   l - scarf {shadows}
rCorr   .          Rampage  .   (no gloves)
Will    .....                   e - +0 pair of boots
Stlth   ++........              (no amulet)
HPRegen 0.08/turn               (no ring)
MPRegen 0.12/turn               (no ring)

@: very slightly contaminated
A: no striking features
a: no special abilities


You were on level 3 of the Dungeon.
You visited 1 branch of the dungeon, and saw 3 of its levels.

You collected 104 gold pieces.

Inventory:

Hand Weapons
 c - a +0 dagger
 g - a +2 short sword (weapon)
Missiles
 j - 11 poisoned darts
Armour
 a - a +0 robe (worn)
 e - a +0 pair of boots (worn)
 l - a scarf of shadows (worn)
Potions
 b - a potion of magic
 d - 3 potions of flight {unknown}
 h - a potion of degeneration {unknown}
 i - 4 potions of haste {unknown}
 k - 2 potions of berserk rage {unknown}
 m - a potion of curing {unknown}


   Skills:
 - Level 3.0 Dodging
 - Level 3.0 Stealth
 + Level 3.7 Spellcasting
 + Level 5.1 Summonings
 + Level 1.3 Air Magic


You had 3 spell levels left.
You knew the following spells:

 Your Spells              Type           Power      Damage    Failure   Level
a - Summon Small Mammal   Summ           100%       N/A       1%          1
b - Shock                 Conj/Air       24%        1d4       9%          1
c - Call Imp              Summ           26%        N/A       2%          2
d - Call Canine Familiar  Summ           26%        N/A       4%          3

Your spell library contained the following spells:

 Spells                   Type           Power      Damage    Failure   Level
 Summon Guardian Golem    Hex/Summ       15%        N/A       12%         3
 Scorch                   Fire           8%         2d5       17%         2
 Swiftness                Air            9%         N/A       21%         3
 Summon Lightning Spire   Summ/Air       18%        N/A       30%         4
 Airstrike                Air            4%         N/A       56%         4
 Flame Wave               Conj/Fire      4%         2d5       75%         4
 Summon Cactus Giant      Summ           13%        N/A       91%         6


Dungeon Overview and Level Annotations

Branches:
Dungeon (3/15)

Altars:

Shops:
D:1 !

Annotations:
D:3 Robin


Message History

The goblin wields a +0 hunting sling.
The goblin shoots a sling bullet.
The sling bullet hits you.
* * * LOW HITPOINT WARNING * * *
Your bat misses the goblin.
Casting: Shock (safe; 9% risk of failure)
Confirm with . or Enter, or press ? or * to list all spells.
A beastly little devil appears in a puff of frigid air.
The goblin no longer looks unusually strong.
Your bat closely misses the goblin.
The goblin unwields a +0 hunting sling.
The goblin wields a +0 dagger.
The goblin hits your bat but does no damage.
What are your orders? t - Shout!
Orders for allies: a - Attack new target. r - Retreat! s - Stop attacking. g - Guard the area. f - Follow me.
Anything else - Cancel.
Gang up on whom?
Press: ? - help, Dir - move target, f - Robin
Aim: Robin, wielding a +0 vorpal falchion, wearing a +0 animal skin and wearing a +1 helmet (lightly wounded) Attack!
Your bat hits Robin.
The goblin unwields a +0 dagger.
The goblin wields a +0 hunting sling.
The goblin shoots a sling bullet.
The sling bullet hits your white imp.
Casting: Call Imp (safe; 2% risk of failure)
Confirm with . or Enter, or press ? or * to list all spells.
The spell is quite dangerous to miscast (4% risk of failure)!
Continue anyway?
Okay, then.
Casting: Call Canine Familiar (quite dangerous; 4% risk of failure)
Confirm with . or Enter, or press ? or * to list all spells.
The spell is quite dangerous to miscast (4% risk of failure)!
Continue anyway?
You miscast Call Canine Familiar.
You are very lightly contaminated with residual magic.
Nothing appears to happen.
Your bat hits the hobgoblin.
The goblin shoots a sling bullet.
The sling bullet closely misses you.
Robin roars a battlecry!
The goblins go into a battle-frenzy!
The hobgoblin hits your white imp but does no damage.
Your bat closely misses Robin.
Your white imp barely misses Robin.
The goblin shoots a sling bullet.
The sling bullet hits you.
You die...

######## ######......
#....>....
#.......##.##.#
#.....†.##.##.#
####..@....##....#
#..........##.##.# ###
#####....g..#.##.####..
#.g5......##.......
######g.b.......####..
##...))...#.####.# #.#
#..gg##...#.# #.# #.#
#..g.##.....####.####.#
#.g..###...............


You could see Robin (ally target), a hobgoblin (strong), a goblin (strong), a
friendly white imp (summoned) and a friendly bat (summoned).

Vanquished Creatures
  A gnoll (D:1)
  A giant cockroach (D:2)
  4 goblins
  A hobgoblin (D:3)
  2 quokkas
  2 frilled lizards
  A kobold (D:2)
12 creatures vanquished.

Vanquished Creatures (collateral kills)
  A worm (D:2)
  2 dart slugs
  4 ball pythons (D:1)
  3 endoplasms
  2 giant cockroaches (D:1)
  4 goblins
  4 hobgoblins
  3 quokkas
  3 bats (D:1)
  7 kobolds
  3 rats (D:1)
36 creatures vanquished.

Grand Total: 48 creatures vanquished

Notes
Turn   | Place    | Note
-------+----------+-------------------------------------------
     0 | D:1      | pascalblue the Deep Elf Summoner began the quest for the
                  | Orb.
     0 | D:1      | Reached XP level 1. HP: 10/10 MP: 6/6
   390 | D:1      | Reached XP level 2. HP: 5/15 MP: 8/8
   639 | D:1      | Learned a level 1 spell: Shock
   642 | D:1      | Learned a level 2 spell: Call Imp
   684 | D:1      | Found Qich's Distillery.
   822 | D:1      | Reached XP level 3. HP: 12/19 MP: 7/9
  1467 | D:2      | Learned a level 3 spell: Call Canine Familiar
  1573 | D:2      | Reached skill level 5 in Summonings
  1622 | D:2      | Reached skill level 1 in Air Magic
  2251 | D:3      | Noticed Robin
  2267 | D:3      | Reached XP level 4. HP: 8/24 MP: 7/11
  2273 | D:3      | Shot with a sling bullet by a goblin

Illustrated notes

Levels and vault maps discovered:
D:1:      lightli_arrival_maybe_door_vault, layout_rooms, serial_shops, shop,
          nrook_mini_backslash, minmay_bisected
D:2:      layout_loops_ring, chequers_serial_rivers_marsh,
          nicolae_underground_beach
D:3:      layout_basic, uniq_grinder, uniq_robin

Skill      XL: |  1  2  3 |
---------------+----------+-----
Stealth        | 3 |  3.0
Dodging        | 3 |  3.0
Summonings     | 5 |  5.1
Air Magic      | 1 |  1.3
Spellcasting   | |  3.7

Action                   |  1- 3 |  4- 6 || total
-------------------------+-------+-------++-------
Melee: Short sword       |    20 |       ||    20
 Cast: Summon Small Mamm |    54 |       ||    54
       Shock             |     5 |       ||     5
       Call Imp          |     1 |     1 ||     2
  Use: Scroll            |     7 |       ||     7
Armor: Robe              |    15 |       ||    15
Dodge: Dodged            |    46 |     3 ||    49

Table legend: (Time is in decaauts)
 A = Elapsed time spent in this place.
 B = Non-inter-level travel time spent in this place.
 C = Inter-level travel time spent in this place.
 D = Time resting spent in this place.
 E = Time spent auto-exploring this place.
 F = Levels seen in this place.
 G = Mean time per level.
                   A        B        C        D        E       F      G
               +--------+--------+--------+--------+--------+-----+--------+
         Total |   2274 |   2247 |     27 |    111 |   1616 |   3 |  758.0 |
       Dungeon |   2274 |   2247 |     27 |    111 |   1616 |   3 |  758.0 |
               +--------+--------+--------+--------+--------+-----+--------+

Top non-repeatable levels by time:
     D:1: 1456 daAuts
     D:2: 636 daAuts
     D:3: 181 daAuts
